 Dungeon Crawl Stone Soup version 0.28-a0-1087-gf3fc490d9d (webtiles) character file.

Game seed: 13642339801054324240

17971 devnull the Fighter (level 12, -7/110 HPs)
             Began as a Ghoul Fighter on Dec 11, 2021.
             Was an Elder of Okawaru.
             Mangled by a troll simulacrum (19 damage)
             ... on level 13 of the Dungeon.
             The game lasted 00:39:19 (14209 turns).

devnull the Fighter (Ghoul Fighter)                Turns: 14209, Time: 00:39:19

Health: -7/110     AC: 24    Str: 29    XL:     12   Next: 53%
Magic:  11/11      EV: 12    Int:  3    God:    Okawaru [****..]
Gold:   867        SH:  5    Dex: 14    Spells: 11/11 levels left

rFire   . . .      SeeInvis .   C - +3 battleaxe
rCold   . . .      Faith    .   (shield currently unavailable)
rNeg    + + +      Spirit   .   d - +2 plate armour {rPois}
rPois   ∞          Reflect  +   n - +0 helmet
rElec   .          Harm     .   R - +4 cloak of the Elven Halls {rPois rC- Will+ Dex+4}
rCorr   .          Rampage  .   (no gloves)
Will    +....                   N - +0 pair of boots
Stlth   ..........              Q - amulet of reflection
HPRegen 0.00/turn               s - +6 ring of strength
MPRegen 0.12/turn               w - +4 ring of evasion

@: inhibited regen
A: claws 1, cold resistance 1, negative energy resistance 3, inhibited
regeneration, torment resistance 2
a: Renounce Religion, Heroism, Finesse


You were on level 13 of the Dungeon.
You worshipped Okawaru.
Okawaru was greatly pleased with you.
You visited 2 branches of the dungeon, and saw 14 of its levels.
You also visited: Bailey.

You collected 867 gold pieces.

Inventory:

Hand Weapons
 a - a +2 hand axe of venom
 b - a +0 war axe
 C - a +3 battleaxe (weapon)
Missiles
 D - 43 poisoned darts
 S - 10 silver javelins (quivered)
Armour
 c - a +0 buckler
 d - a +2 plate armour of poison resistance (worn)
 n - a +0 helmet (worn)
 J - a scarf of shadows
 L - the +18 shield of the Gong {rElec rN+ Will+ EV-5}
   (You found it in a bailey)

   It is deafeningly noisy when blocking attacks.
   EV:        It affects your evasion (-5).
   rElec:     It insulates you from electricity.
   rN:        It protects you from negative energy.
   Will:      It increases your willpower.
 N - a +0 pair of boots (worn)
 R - the +4 cloak of the Elven Halls (worn) {rPois rC- Will+ Dex+4}
   (Okawaru gifted it to you on level 11 of the Dungeon)

   Dex:       It affects your dexterity (+4).
   rC:        It makes you vulnerable to cold.
   rPois:     It protects you from poison.
   Will:      It increases your willpower.
Jewellery
 s - a +6 ring of strength (left claw)
 u - an amulet of regeneration
 v - a ring of flight
 w - a +4 ring of evasion (right claw)
 x - a +4 ring of evasion
 Q - an amulet of reflection (around neck)
Wands
 y - a wand of flame (20)
 P - a wand of polymorph (5)
Scrolls
 e - 2 scrolls of amnesia
 f - a scroll of magic mapping
 g - a scroll of summoning
 i - a scroll of enchant armour {unknown}
 l - a scroll of holy word {unknown}
 m - 5 scrolls of noise
 t - 3 scrolls of enchant weapon
 z - 4 scrolls of fog
 A - 4 scrolls of blinking
 F - a scroll of immolation {unknown}
 H - a scroll of silence {unknown}
 U - 2 scrolls of identify
Potions
 h - 5 potions of haste {unknown}
 j - a potion of attraction {unknown}
 k - 2 potions of brilliance {unknown}
 o - 7 potions of curing {unknown}
 p - 2 potions of flight {unknown}
 q - a potion of degeneration {unknown}
 r - 3 potions of heal wounds {unknown}
 B - 3 potions of mutation {unknown}
 G - 3 potions of lignification {unknown}
 I - a potion of resistance
 K - a potion of cancellation {unknown}
 O - a potion of berserk rage {unknown}
 T - a potion of ambrosia {unknown}
 V - a potion of invisibility {unknown}


   Skills:
 + Level 11.6 Fighting
 + Level 9.6 Axes
 + Level 9.8 Armour
 - Level 0.4 Dodging
 - Level 0.1 Stealth
 + Level 9.8 Shields


You had 11 spell levels left.
You didn't know any spells.
Your spell library contained the following spells:

 Spells                   Type           Power      Damage    Failure   Level
 Magic Dart               Conj           0%         1d3       99%         1
 Searing Ray              Conj           0%         2d4       100%        2
 Dazzling Flash           Conj/Hex       0%         N/A       100%        3
 Mephitic Cloud           Conj/Pois/Air  0%         N/A       100%        3
 Fulminant Prism          Conj/Hex       0%         3d6       100%        4
 Iskenderun's Mystic Bla  Conj/Tloc      0%         2d3       100%        4
 Starburst                Conj/Fire      0%         6d3       100%        6
 Call Imp                 Summ           Unusable   N/A       N/A         2

Dungeon Overview and Level Annotations

Branches:
Dungeon (13/15) Temple (1/1) D:5 Lair (0/6) D:11 Orc (0/2) D:9 Vaults (0/5) D:12 D:13 Bailey (visited)

Altars:
Ashenzari
Cheibriados
Dithmenos
Elyvilon
Fedhas
Gozag
Kikubaaqudgha
Makhleb
Nemelex Xobeh
Okawaru
Qazlal
Ru
Sif Muna
Trog
Uskayaw
Vehumet
Wu Jian
Xom
Yredelemnul
Zin
The Shining One
Beogh

Shops:
D:2 :

Annotations:
D:2 1 runed translucent door, Crazy Yiuf
D:12 !hydra
D:13 Rupert, Urug


Innate Abilities, Weirdness & Mutations

You thrive by killing the living.
You are immune to poison.
You have sharp fingernails.
Your flesh is cold resistant. (rC+)
You are immune to negative energy. (rN+++)
You do not regenerate when monsters are visible.
You are immune to unholy pain and torment.


Message History

The two-headed ogre simulacrum hits you.
The two-headed ogre simulacrum freezes you!!
* * * LOW HITPOINT WARNING * * *
The two-headed ogre simulacrum barely misses you.
You hit the two-headed ogre simulacrum.
The two-headed ogre simulacrum is severely damaged.
The two-headed ogre simulacrum barely misses you.
The two-headed ogre simulacrum hits you but does no damage.
You hit the two-headed ogre simulacrum.
The two-headed ogre simulacrum is almost destroyed.
You hit the two-headed ogre simulacrum.
The two-headed ogre simulacrum vaporises!
Okawaru accepts your kill.
You slash the troll simulacrum!
The troll simulacrum is moderately damaged.
The troll simulacrum barely misses you.
You block the troll simulacrum's attack.
The troll simulacrum claws you.
* * * LOW HITPOINT WARNING * * *
The troll simulacrum freezes you!
* * * LOW HITPOINT WARNING * * *
You hit the troll simulacrum.
The troll simulacrum is heavily damaged.
The troll simulacrum bites you but does no damage.
The troll simulacrum barely misses you.
The troll simulacrum claws you but does no damage.
Okay, then.
Okay, then.
Okay, then.
Unknown command.
Unknown command.
Unknown command.
Okay, then.
Unknown command.
You hit the troll simulacrum but do no damage.
The troll simulacrum is heavily damaged.
The troll simulacrum bites you.
* * * LOW HITPOINT WARNING * * *
The troll simulacrum freezes you!!
You die...

*,,,,,*,,,,,,**,* #.*
,,,,,***,*##.#*,* ###.******
***,** *,,,....,* **...,,,,,* *,*
*,,,,...** #,,..,,,#,## *,*
*,,,,∩..#* #.,#.##.#,.. **+**
*,*,,,,..## #..#..#.#,##
**,,,***,*,,,,,..# #..##<#.#.##
*,,,,,**,*#,*,*#Z# #.........##
,,,,,,,*,*#..,*#@# #.......####
,,,,,,,,,*##.Z.#.#########...####
,,,,,,,,,.........)†...(........+
,,,,,,,,*###...###########...####
,,,,,,,** #..#* #..## # *,,,,,**
#.#* #.## # **,,,** #.* #.# #
**+** #,* #.# # *,***** *,* #.# #


You could see a troll simulacrum.

Vanquished Creatures
  A boulder beetle (D:11)
  A two-headed ogre (D:11)
  A tengu warrior (D:13)
  Nergalle (D:10)
  Pikel (D:7)
  4 cyclopes
  An ugly thing (D:12)
  A deep elf pyromancer (D:12)
  A manticore (D:11)
  3 centaur zombies
  2 gargoyles
  An unseen horror (D:11)
  Psyche (D:8)
  A tengu conjurer (D:13)
  Prince Ribbit (D:8)
  2 trolls
  A vampire (D:10)
  A wraith (D:12)
  3 wyverns
  3 humans (D:12)
  12 yaks
  A spriggan (D:11)
  2 basilisks
  A death yak simulacrum (D:13)
  A steam dragon (D:8)
  3 acid dragons
  4 water moccasins
  2 sky beasts
  An ice beast (D:8)
  7 black bears
  12 orc warriors
  8 centaurs
  An ogre (D:3)
  A lemure (D:7)
  2 kobold brigands (D:7)
  A gnoll sergeant (D:6)
  4 scorpions
  2 two-headed ogre simulacra (D:13)
  A wyvern zombie (D:6)
  4 bullfrogs
  An elephant simulacrum (D:13)
  11 killer bees
  4 howler monkeys
  An electric eel (D:10)
  A hound (D:5)
  A bullfrog zombie (D:7)
  5 orc priests
  4 bullfrog skeletons
  4 centaur skeletons
  An iguana (D:4)
  6 orc wizards
  A howler monkey zombie (D:6)
  7 adders
  10 gnolls
  2 naga simulacra (D:13)
  2 white imps
  2 adder skeletons (D:4)
  A worm (D:4)
  5 dart slugs
  33 orcs
  5 bats
  2 bat zombies (D:6)
  5 endoplasms
  A giant cockroach (D:4)
  10 goblins
  9 hobgoblins
  7 jackals
  9 kobolds
  2 quokkas
  7 ball pythons
  5 frilled lizards
  2 rats (D:2)
  A rat zombie (D:6)
268 creatures vanquished.

Vanquished Creatures (others)
  48 fungi
  38 plants (D:11)
86 creatures vanquished.

Grand Total: 354 creatures vanquished

Notes
Turn   | Place    | Note
-------+----------+-------------------------------------------
     0 | D:1      | devnull the Ghoul Fighter began the quest for the Orb.
     0 | D:1      | Reached XP level 1. HP: 19/19 MP: 0/0
   125 | D:1      | Reached XP level 2. HP: 26/26 MP: 1/1
   782 | D:1      | Reached XP level 3. HP: 30/33 MP: 2/2
  1662 | D:2      | Found a faded altar of an unknown god.
  1878 | D:2      | Found a runed translucent door.
  1879 | D:2      | Noticed Crazy Yiuf
  1914 | D:2      | Found Yleuzog's Book Shoppe.
  1988 | D:2      | Reached XP level 4. HP: 40/40 MP: 3/3
  2830 | D:3      | Noticed an ogre
  2855 | D:3      | Killed an ogre
  2856 | D:3      | Reached skill level 4 in Fighting
  2856 | D:3      | Reached XP level 5. HP: 46/46 MP: 4/4
  3373 | D:4      | Reached XP level 6. HP: 53/53 MP: 5/5
  3546 | D:4      | Found a shimmering altar of Xom.
  3631 | D:4      | Found a stormy altar of Qazlal.
  3733 | D:4      | Found an ornate altar of the Wu Jian Council.
  3798 | D:4      | Identified the +0 leather armour of Vlad {Int+4}
  3853 | D:4      | Noticed a black bear
  3859 | D:4      | Killed a black bear
  3860 | D:4      | Reached skill level 5 in Fighting
  3860 | D:4      | Reached XP level 7. HP: 61/61 MP: 6/6
  4245 | D:5      | Entered Level 5 of the Dungeon
  4245 | D:5      | Found a basalt altar of Yredelemnul.
  4284 | D:5      | Found a bloodstained altar of Trog.
  4561 | D:5      | Found a staircase to the Ecumenical Temple.
  4849 | Temple   | Entered the Ecumenical Temple
  5074 | Temple   | Became a worshipper of Warmaster Okawaru
  5106 | D:6      | Reached XP level 8. HP: 63/70 MP: 7/7
  5123 | D:5      | Reached skill level 5 in Shields
  5169 | D:5      | Reached skill level 5 in Armour
  5179 | D:5      | Reached skill level 6 in Fighting
  5249 | D:5      | Reached * piety under Okawaru
  5321 | D:6      | Reached skill level 5 in Axes
  5525 | D:6      | Found a hide-covered altar of Uskayaw.
  5541 | D:6      | Reached XP level 9. HP: 50/78 MP: 8/8
  5599 | D:5      | HP: 1/78 [water moccasin (6)]
  5602 | D:5      | Reached skill level 7 in Fighting
  5773 | D:6      | Reached ** piety under Okawaru
  5941 | D:6      | Found an ancient bone altar of Kikubaaqudgha.
  6009 | D:6      | You fall into a shaft and drop 2 floors!
  6083 | D:7      | Noticed Pikel
  6091 | D:7      | Killed Pikel
  6312 | D:7      | Reached skill level 8 in Fighting
  6372 | D:7      | Found a flagged portal.
  6407 | D:7      | Reached XP level 10. HP: 65/88 MP: 9/9
  6420 | D:7      | Found a broken altar of Ashenzari.
  6432 | Bailey   | Entered a bailey
  6576 | Bailey   | Found the +18 shield of the Gong {rElec rN+ Will+ EV-5}
  7126 | D:8      | Reached *** piety under Okawaru
  7141 | D:8      | Found a blossoming altar of Fedhas.
  7223 | D:8      | Noticed Prince Ribbit
  7247 | D:8      | Found a sacrificial altar of Ru.
  7473 | D:8      | Killed Prince Ribbit
  7474 | D:8      | Reached skill level 9 in Fighting
  7570 | D:8      | Noticed Psyche
  7590 | D:8      | Killed Psyche
  7711 | D:8      | Noticed a cyclops
  7717 | D:8      | Killed a cyclops
  7717 | D:8      | Reached **** piety under Okawaru
  8147 | D:9      | Reached XP level 11. HP: 89/97 MP: 10/10
  8202 | D:9      | Found a radiant altar of Vehumet.
  8269 | D:9      | Found a staircase to the Orcish Mines.
  8827 | D:10     | Entered Level 10 of the Dungeon
  8851 | D:9      | Reached ***** piety under Okawaru
  9023 | D:10     | Reached skill level 10 in Fighting
  9575 | D:10     | Noticed Nergalle
  9609 | D:10     | Noticed a spectral orc warlord
  9781 | D:10     | Killed Nergalle
  9986 | D:11     | Noticed a two-headed ogre
 10172 | D:11     | Noticed a cyclops
 10205 | D:11     | Killed a cyclops
 10205 | D:11     | Received a gift from Okawaru
 10305 | D:11     | Noticed a manticore
 10314 | D:11     | Killed a manticore
 10544 | D:11     | Noticed a boulder beetle
 10557 | D:11     | Noticed a cyclops
 11034 | D:11     | Killed a cyclops
 11240 | D:11     | Found a staircase to the Lair.
 11484 | D:11     | Identified the +4 cloak of the Elven Halls {rPois rC- Will+
                  | Dex+4} (Okawaru gifted it to you on level 11 of the
                  | Dungeon)
 11484 | D:11     | Received a gift from Okawaru
 11642 | D:11     | Noticed a manticore
 11977 | D:11     | Killed a boulder beetle
 11978 | D:11     | Reached XP level 12. HP: 108/108 MP: 8/11
 12079 | D:11     | Reached skill level 11 in Fighting
 12114 | D:11     | Killed a two-headed ogre
 13652 | D:12     | Noticed a six-headed hydra
 13798 | D:13     | Noticed a centaur warrior
 13798 | D:13     | Noticed Urug
 13798 | D:13     | Noticed Rupert
 13798 | D:13     | Noticed an eight-headed hydra
 13798 | D:13     | Found a gate to the Vaults.
 14171 | D:13     | Noticed a tengu warrior
 14187 | D:13     | Killed a tengu warrior
 14209 | D:13     | Mangled by a troll simulacrum

Illustrated notes

Levels and vault maps discovered:
D:1:      nzn_arrival_crosshair, layout_basic, serial_bayou_pond_e,
          minmay_pentomino_s2
D:2:      wander_river, layout_loops_corners,
          hellmonk_ecumenical_altar_defaced_shrine, serial_shops, shop,
          uniq_crazy_yiuf_cottage
D:3:      layout_basic
D:4:      layout_basic, kennysheep_mini, xom_butterflies,
          nzn_wu_jian_contemplation
D:5:      layout_basic, mainiacjoe_overflow_six_doors_small,
          yredelemnul_altar_generic, minmay_temple_entry_hall, fountainhead
D:6:      layout_rooms, mainiacjoe_overflow_alcove_1,
          mainiacjoe_overflow_brackets, lemuel_zombie_altar_kikubaaqudgha
D:7:      layout_cave_pools, general_overflow_altar, enter_bailey_2,
          minmay_between, uniq_pikel
D:8:      layout_loops_ring, mainiacjoe_overflow_boulevard,
          amcnicky_altar_gilded, nicolae_ru_the_path_less_chosen, uniq_psyche,
          uniq_prince_ribbit1
D:9:      layout_basic, nicolae_vehumet_radiance, david_orc_2
D:10:     layout_big_octagon, uniq_nergalle
D:11:     layout_gridville, due_lair_maze_entry_diamond, the_hattery
D:12:     layout_stronghold
D:13:     layout_loops_corners, david_vaults_3,
          portal_ice_cave_entry_ice_simulacra, enter_trove_3,
          minmay_misc_feat_tiny, minmay_stone_trees_small, uniq_urug
Temple:   dpeg_three_leaves_temple

Skill      XL: |  1  2  3  4  5  6  7  8  9 10 11 12 |
---------------+-------------------------------------+-----
Shields        | 3 4 5 6 8 9 |  9.8
Armour         | 3 4 5 6 8 9 |  9.8
Axes           | 2 3 4 5 6 7 9 |  9.6
Fighting       | 4 5 6 8 9 10 11 | 11.6
Dodging        | |  0.4
Stealth        | |  0.1

Action                   |  1- 3 |  4- 6 |  7- 9 | 10-12 || total
-------------------------+-------+-------+-------+-------++-------
Melee: War axe           |   106 |    46 |       |       ||   152
       Hand axe          |       |    75 |     3 |       ||    78
       Battleaxe         |       |       |   248 |   439 ||   687
Throw: Throwing net      |       |     1 |       |       ||     1
       Dart              |       |       |     6 |     3 ||     9
Invok: Heroism           |       |       |     3 |    20 ||    23
Evoke: Wand              |       |     4 |       |     6 ||    10
  Use: Scroll            |       |     2 |     5 |    14 ||    21
       Potion            |       |       |     1 |       ||     1
Armor: Scale mail        |    52 |    28 |       |       ||    80
       Chain mail        |       |    11 |   198 |    28 ||   237
       Plate armour      |       |       |       |   374 ||   374
Dodge: Dodged            |    48 |    70 |   315 |   403 ||   836
Block: Buckler           |    21 |    18 |     1 |       ||    40
       Other             |       |       |       |   100 ||   100
       Reflection        |       |       |       |     7 ||     7

Table legend: (Time is in decaauts)
 A = Elapsed time spent in this place.
 B = Non-inter-level travel time spent in this place.
 C = Inter-level travel time spent in this place.
 D = Time resting spent in this place.
 E = Time spent auto-exploring this place.
 F = Levels seen in this place.
 G = Mean time per level.
                   A        B        C        D        E       F      G
               +--------+--------+--------+--------+--------+-----+--------+
         Total |  14531 |  13615 |    916 |   1957 |   8841 |  15 |  968.7 |
       Dungeon |  14213 |  13329 |    884 |   1892 |   8758 |  13 | 1093.3 |
        Temple |     98 |     67 |     31 |      0 |     58 |   1 |   98.0 |
        Bailey |    219 |    219 |      0 |     65 |     25 |   1 |  219.0 |
               +--------+--------+--------+--------+--------+-----+--------+

Top non-repeatable levels by time:
    D:11: 2008 daAuts
    D:12: 1656 daAuts
     D:2: 1439 daAuts
    D:10: 1410 daAuts
     D:1: 1258 daAuts
     D:9: 1183 daAuts
     D:5: 1137 daAuts
     D:8: 998 daAuts
     D:4: 884 daAuts
     D:7: 765 daAuts
     D:3: 754 daAuts
     D:6: 662 daAuts
  Bailey: 219 daAuts
  Temple: 98 daAuts
    D:13: 53 daAuts
